| TOP OF THE 1ST |
|
Hartford Yard Goats batting - Pitching for Peoria Chiefs : LHP John Murray
|
|
Pitching: LHP John Murray
|
|
|
Batting: RHB John Stevenson
|
0-0: Called Strike 0-1: Ball 1-1: Ball 2-1: Ground out U3 (Groundball, 34S, EV 93.8 MPH)
|
|
Batting: RHB Doug D'Onofrio
|
0-0: Ball 1-0: Called Strike 1-1: Ground out 4-3 (Groundball, 4S, EV 87.5 MPH)
|
|
Batting: SHB Ken Griffey IV
|
0-0: Ball 1-0: Ball 2-0: Called Strike 2-1: Foul Ball, location: 2F 2-2: Ball 3-2: SINGLE (Groundball, P, EV 85.6 MPH) (infield hit)
|
|
Batting: RHB Chris Osting
|
0-0: Ball 1-0: Foul Ball, location: 2F 1-1: Ball 2-1: Ball 3-1: Swinging Strike 3-2: Foul Ball, location: 2F 3-2: Foul Ball, location: 2F 3-2: Foul Ball, location: 2F 3-2: Foul Ball, location: 2F 3-2: Ground out 1-3 (Groundball, 13S, EV 73.8 MPH)
|
| Top of the 1st over - 0 runs, 1 hit, 0 errors, 1 left on base; Hartford 0 - Peoria 0 |
| BOTTOM OF THE 1ST |
|
Peoria Chiefs batting - Pitching for Hartford Yard Goats : RHP Chu-ho Yi
|
|
Pitching: RHP Chu-ho Yi
|
|
|
Batting: RHB Fortunato Fteira
|
0-0: Ball 1-0: Ground out 6-3 (Groundball, 6M, EV 86.2 MPH)
|
|
Batting: LHB Ken Morehead
|
0-0: Fly out, F8 (Flyball, 8LD, EV 76.2 MPH)
|
|
Batting: RHB Sam Sours
|
0-0: Called Strike 0-1: Swinging Strike 0-2: Ball 1-2: Ball 2-2: Ground out 6-3 (Groundball, 56, EV 101.9 MPH)
|
| Bottom of the 1st over - 0 runs, 0 hits, 0 errors, 0 left on base; Hartford 0 - Peoria 0 |
| TOP OF THE 2ND |
|
Hartford Yard Goats batting - Pitching for Peoria Chiefs : LHP John Murray
|
|
Batting: RHB Ray Insley
|
0-0: Ball 1-0: Swinging Strike 1-1: Called Strike 1-2: Ball 2-2: DOUBLE (Groundball, 5L, EV 105.6 MPH)
|
|
Batting: SHB Brad Madden
|
0-0: Fly out, F7 (Line Drive, 7S, EV 103.8 MPH)
|
|
Batting: RHB Manny Thompson
|
0-0: Called Strike 0-1: Ground out 4-3 (Groundball, 34, EV 97.5 MPH) Ray Insley to third
|
|
Batting: RHB Bob Hayes
|
0-0: Ball 1-0: Ball 2-0: Foul Ball, location: 2F 2-1: Ground out 2-3 (Groundball, 2R, EV 71.2 MPH)
|
| Top of the 2nd over - 0 runs, 1 hit, 0 errors, 1 left on base; Hartford 0 - Peoria 0 |
| BOTTOM OF THE 2ND |
|
Peoria Chiefs batting - Pitching for Hartford Yard Goats : RHP Chu-ho Yi
|
|
Batting: RHB Bobby Miles
|
0-0: Called Strike 0-1: Called Strike 0-2: Foul Ball, location: 2F 0-2: Strikes out swinging
|
|
Batting: RHB McGwire Jones
|
0-0: Ball 1-0: Ball 2-0: Ball 3-0: Called Strike 3-1: Base on Balls
|
|
Batting: SHB Bobby Mercado
|
0-0: Called Strike McGwire Jones steals 2nd base 0-1: Called Strike 0-2: Ball 1-2: Foul Ball, location: 2F 1-2: Ball 2-2: Ball 3-2: Base on Balls
|
|
Batting: RHB Robby Hickman
|
0-0: Ball 1-0: Called Strike 1-1: Foul Ball, location: 2F 1-2: TRIPLE (Line Drive, 89XD, EV 106.9 MPH) McGwire Jones scores Bobby Mercado scores
|
|
Batting: RHB Workneh Lagat
|
0-0: Ball 1-0: Called Strike 1-1: Ball 2-1: Foul Ball, location: 2F 2-2: Ball 3-2: Base on Balls
|
|
Batting: RHB Sam Daw
|
0-0: Ball Workneh Lagat steals 2nd base 1-0: Swinging Strike 1-1: Foul Ball, location: 2F 1-2: Ball 2-2: Ground out 6-3 (Groundball, 6, EV 100.0 MPH) Robby Hickman scores
|
|
Batting: RHB Fortunato Fteira
|
0-0: Foul Ball, location: 2F 0-1: Foul Ball, location: 2F 0-2: Foul Ball, location: 2F 0-2: Ball 1-2: Ball 2-2: Ball 3-2: Foul Ball, location: 2F 3-2: Foul Ball, location: 2F 3-2: Base on Balls
|
|
Batting: LHB Ken Morehead
|
0-0: Swinging Strike 0-1: Foul Ball, location: 2F 0-2: Strikes out swinging
|
| Bottom of the 2nd over - 3 runs, 1 hit, 0 errors, 2 left on base; Hartford 0 - Peoria 3 |
| TOP OF THE 3RD |
|
Hartford Yard Goats batting - Pitching for Peoria Chiefs : LHP John Murray
|
|
Batting: RHB Carlos de Jesus
|
0-0: Ball 1-0: Ball 2-0: Ball 3-0: Base on Balls
|
|
Batting: RHB John Stevenson
|
0-0: Ball 1-0: Fly out, F8 (Flyball, 8LXD, EV 106.9 MPH)
|
|
Batting: RHB Doug D'Onofrio
|
0-0: Called Strike 0-1: Ball 1-1: Foul Ball, location: 2F 1-2: Grounds into double play, 6-4-3 (Groundball, 56, EV 88.1 MPH)
|
| Top of the 3rd over - 0 runs, 0 hits, 0 errors, 0 left on base; Hartford 0 - Peoria 3 |
| BOTTOM OF THE 3RD |
|
Peoria Chiefs batting - Pitching for Hartford Yard Goats : RHP Chu-ho Yi
|
|
Batting: RHB Sam Sours
|
0-0: Ball 1-0: Ball 2-0: Called Strike 2-1: Ball 3-1: Fly out, F8 (Flyball, 8LM, EV 87.5 MPH)
|
|
Batting: RHB Bobby Miles
|
0-0: Ground out 5-3 (Groundball, 5S, EV 75.6 MPH)
|
|
Batting: RHB McGwire Jones
|
0-0: Foul Ball, location: 2F 0-1: Ball 1-1: Ball 2-1: Swinging Strike 2-2: Ground out 6-3 (Groundball, 6, EV 106.2 MPH)
|
| Bottom of the 3rd over - 0 runs, 0 hits, 0 errors, 0 left on base; Hartford 0 - Peoria 3 |
| TOP OF THE 4TH |
|
Hartford Yard Goats batting - Pitching for Peoria Chiefs : LHP John Murray
|
|
Batting: SHB Ken Griffey IV
|
0-0: Ball 1-0: Ground out 4-3 (Groundball, 4S, EV 86.9 MPH)
|
|
Batting: RHB Chris Osting
|
0-0: Ball 1-0: Called Strike 1-1: Ball 2-1: Ground out 6-3 (Groundball, 6, EV 100.6 MPH)
|
|
Batting: RHB Ray Insley
|
0-0: Called Strike 0-1: Ball 1-1: Foul Ball, location: 2F 1-2: Foul Ball, location: 2F 1-2: Ground out 6-3 (Groundball, P, EV 87.5 MPH)
|
| Top of the 4th over - 0 runs, 0 hits, 0 errors, 0 left on base; Hartford 0 - Peoria 3 |
| BOTTOM OF THE 4TH |
|
Peoria Chiefs batting - Pitching for Hartford Yard Goats : RHP Chu-ho Yi
|
|
Batting: SHB Bobby Mercado
|
0-0: Ground out 4-3 (Groundball, 4, EV 88.8 MPH)
|
|
Batting: RHB Robby Hickman
|
0-0: Foul Ball, location: 2F 0-1: Ball 1-1: Ball 2-1: Ball 3-1: Fly out, F8 (Flyball, 8LM, EV 86.2 MPH)
|
|
Batting: RHB Workneh Lagat
|
0-0: Called Strike 0-1: Ball 1-1: Ball 2-1: DOUBLE (Groundball, 5L, EV 101.9 MPH)
|
|
Batting: RHB Sam Daw
|
0-0: Ball 1-0: Foul Ball, location: 2F 1-1: Foul Ball, location: 2F 1-2: Foul Ball, location: 2F 1-2: Strikes out swinging
|
| Bottom of the 4th over - 0 runs, 1 hit, 0 errors, 1 left on base; Hartford 0 - Peoria 3 |
| TOP OF THE 5TH |
|
Hartford Yard Goats batting - Pitching for Peoria Chiefs : LHP John Murray
|
|
Batting: SHB Brad Madden
|
0-0: Foul Ball, location: 2F 0-1: Ball 1-1: SINGLE (Line Drive, 89S, EV 92.5 MPH)
|
|
Batting: RHB Manny Thompson
|
0-0: Ball 1-0: Ball 2-0: Called Strike 2-1: SINGLE (Line Drive, 89S, EV 110.0 MPH) Brad Madden to second
|
|
Batting: RHB Bob Hayes
|
0-0: Reached on error, E5 (Groundball, 5S, EV 75.6 MPH) Brad Madden scores Manny Thompson to third
|
|
Batting: RHB Carlos de Jesus
|
0-0: Ball 1-0: Ball 2-0: Called Strike 2-1: Called Strike 2-2: Ball 3-2: Foul Ball, location: 2F 3-2: Strikes out looking
|
|
Batting: RHB John Stevenson
|
0-0: Fly out, F4 (Popup, 4MD, EV 69.4 MPH)
|
|
Batting: RHB Doug D'Onofrio
|
0-0: Called Strike 0-1: Foul Ball, location: 2F 0-2: Ball 1-2: Foul Ball, location: 2F 1-2: Ball 2-2: Strikes out looking
|
| Top of the 5th over - 1 run, 2 hits, 1 error, 2 left on base; Hartford 1 - Peoria 3 |
| BOTTOM OF THE 5TH |
|
Peoria Chiefs batting - Pitching for Hartford Yard Goats : RHP Chu-ho Yi
|
|
Batting: RHB Fortunato Fteira
|
0-0: Ball 1-0: Foul Ball, location: 2F 1-1: SINGLE (Line Drive, 89M, EV 89.4 MPH)
|
|
Pitching: RHP Wilson Mendez
|
|
|
Batting: LHB Ken Morehead
|
0-0: Swinging Strike 0-1: Fly out, F2 (Popup, 25F, EV 86.2 MPH)
|
|
Batting: RHB Sam Sours
|
0-0: Swinging Strike 0-1: Ground out 5-3 (Groundball, 56S, EV 67.5 MPH) Fortunato Fteira to second
|
|
Batting: RHB Bobby Miles
|
0-0: Swinging Strike 0-1: Ball 1-1: 2-RUN HOME RUN (Flyball, 9D, EV 97.5 MPH), Distance : 368 ft
|
|
Batting: RHB McGwire Jones
|
0-0: Ball 1-0: Ball 2-0: Ball 3-0: Called Strike 3-1: Called Strike 3-2: Base on Balls
|
|
Batting: SHB Bobby Mercado
|
0-0: Ball McGwire Jones steals 2nd, throwing error, E2 McGwire Jones to third 1-0: DOUBLE (Line Drive, 78M, EV 106.9 MPH) McGwire Jones scores
|
|
Batting: RHB Robby Hickman
|
0-0: Ground out 5-3 (Groundball, 56, EV 96.2 MPH)
|
| Bottom of the 5th over - 3 runs, 3 hits, 1 error, 1 left on base; Hartford 1 - Peoria 6 |
| TOP OF THE 6TH |
|
Hartford Yard Goats batting - Pitching for Peoria Chiefs : LHP John Murray
|
|
Batting: SHB Ken Griffey IV
|
0-0: Ball 1-0: Ball 2-0: Ball 3-0: Base on Balls
|
|
Batting: RHB Chris Osting
|
0-0: Called Strike 0-1: Swinging Strike 0-2: Ball 1-2: Strikes out swinging
|
|
Batting: RHB Ray Insley
|
0-0: Called Strike 0-1: Ball Ken Griffey IV steals 2nd base 1-1: Ball 2-1: Fly out, F8 (Flyball, 8LM, EV 81.2 MPH)
|
|
Batting: SHB Brad Madden
|
0-0: Ball 1-0: SINGLE (Flyball, 5D, EV 89.4 MPH) Ken Griffey IV to third Runner from 3rd tries for Home, throw by LF and OUT! 7-2
|
| Top of the 6th over - 0 runs, 1 hit, 0 errors, 1 left on base; Hartford 1 - Peoria 6 |
| BOTTOM OF THE 6TH |
|
Peoria Chiefs batting - Pitching for Hartford Yard Goats : RHP Wilson Mendez
|
|
Batting: RHB Workneh Lagat
|
0-0: Foul Ball, location: 2F 0-1: Swinging Strike 0-2: Strikes out looking
|
|
Batting: RHB Sam Daw
|
0-0: Called Strike 0-1: Ball 1-1: Ball 2-1: Foul Ball, location: 2F 2-2: Strikes out swinging
|
|
Batting: RHB Fortunato Fteira
|
0-0: Ball 1-0: Ball 2-0: SOLO HOME RUN (Flyball, 9LD, EV 91.9 MPH), Distance : 332 ft
|
|
Pitching: RHP Alex McKinstry
|
|
|
Batting: LHB Ken Morehead
|
0-0: Ball 1-0: Ball 2-0: Ball 3-0: Base on Balls
|
|
Batting: RHB Sam Sours
|
0-0: Ball 1-0: Called Strike 1-1: Ground out 4-3 (Groundball, 4MS, EV 69.4 MPH)
|
| Bottom of the 6th over - 1 run, 1 hit, 0 errors, 1 left on base; Hartford 1 - Peoria 7 |
| TOP OF THE 7TH |
|
Hartford Yard Goats batting - Pitching for Peoria Chiefs : LHP John Murray
|
|
Batting: RHB Manny Thompson
|
0-0: Swinging Strike 0-1: Called Strike 0-2: Foul Ball, location: 2F 0-2: Strikes out looking
|
|
Batting: RHB Bob Hayes
|
0-0: Called Strike 0-1: Foul Ball, location: 2F 0-2: Ground out 4-3 (Groundball, 4S, EV 69.4 MPH)
|
|
Batting: RHB Carlos de Jesus
|
0-0: Called Strike 0-1: Foul Ball, location: 2F 0-2: Foul Ball, location: 2F 0-2: Ball 1-2: Ball 2-2: Ground out 4-3 (Groundball, 4M, EV 101.2 MPH)
|
| Top of the 7th over - 0 runs, 0 hits, 0 errors, 0 left on base; Hartford 1 - Peoria 7 |
| BOTTOM OF THE 7TH |
|
Peoria Chiefs batting - Pitching for Hartford Yard Goats : RHP Alex McKinstry
|
|
Batting: RHB Bobby Miles
|
0-0: Ball 1-0: Swinging Strike 1-1: Ball 2-1: Ball 3-1: Swinging Strike 3-2: Base on Balls
|
|
Batting: RHB McGwire Jones
|
0-0: Ball 1-0: Ball 2-0: Grounds into double play, 5-4-3 (Groundball, 56, EV 105.6 MPH)
|
|
Batting: SHB Bobby Mercado
|
0-0: Called Strike 0-1: Ball 1-1: Ball 2-1: Ball 3-1: Swinging Strike 3-2: Base on Balls
|
|
Batting: RHB Robby Hickman
|
0-0: Ball 1-0: Ball 2-0: Called Strike 2-1: Called Strike 2-2: Foul Ball, location: 2F 2-2: Ball 3-2: Foul Ball, location: 2F 3-2: Foul Ball, location: 2F 3-2: SINGLE (Groundball, 6MD, EV 103.8 MPH) Bobby Mercado to second Bobby Mercado to third
|
|
Batting: RHB Workneh Lagat
|
0-0: Ball 1-0: Ball 2-0: Ground out 4-3 (Groundball, 34, EV 107.5 MPH)
|
| Bottom of the 7th over - 0 runs, 1 hit, 0 errors, 2 left on base; Hartford 1 - Peoria 7 |
| TOP OF THE 8TH |
|
Hartford Yard Goats batting - Pitching for Peoria Chiefs : LHP John Murray
|
|
Pitching: RHP Roberto Ruiz
|
|
|
Batting: RHB John Stevenson
|
0-0: Called Strike 0-1: Called Strike 0-2: Ball 1-2: Ball 2-2: Ball 3-2: Foul Ball, location: 2F 3-2: Ground out 4-3 (Groundball, 4, EV 88.8 MPH)
|
|
Batting: RHB Doug D'Onofrio
|
0-0: SINGLE (Groundball, 25, EV 61.2 MPH) (infield hit)
|
|
Batting: SHB Ken Griffey IV
|
0-0: Ball 1-0: Called Strike 1-1: Ball 2-1: DOUBLE (Line Drive, 7LM, EV 98.8 MPH) Doug D'Onofrio to third
|
|
Batting: RHB Chris Osting
|
0-0: Foul Ball, location: 2F 0-1: Called Strike 0-2: Ball 1-2: Ball 2-2: Ball 3-2: Base on Balls
|
|
Batting: RHB Ray Insley
|
0-0: Ball 1-0: Called Strike 1-1: DOUBLE (Line Drive, 89D, EV 108.1 MPH) Doug D'Onofrio scores Ken Griffey IV scores Chris Osting to third
|
|
Batting: SHB Brad Madden
|
0-0: Called Strike 0-1: Ball 1-1: Ball 2-1: Ground out U3 (Groundball, 3, EV 91.2 MPH)
|
|
Batting: RHB Manny Thompson
|
0-0: Ball 1-0: Foul Ball, location: 2F 1-1: Ball 2-1: Fly out, F2 (Popup, 3SF, EV 81.9 MPH)
|
| Top of the 8th over - 2 runs, 3 hits, 0 errors, 2 left on base; Hartford 3 - Peoria 7 |
| BOTTOM OF THE 8TH |
|
Peoria Chiefs batting - Pitching for Hartford Yard Goats : RHP Alex McKinstry
|
|
Pitching: RHP Tanner Brazeal
|
|
|
Batting: RHB Sam Daw
|
0-0: Ball 1-0: Ball 2-0: Ball 3-0: Called Strike 3-1: Ground out U3 (Groundball, 34, EV 101.9 MPH)
|
|
Batting: RHB Fortunato Fteira
|
0-0: Ball 1-0: Ball 2-0: Ball 3-0: Base on Balls
|
|
Batting: LHB Ken Morehead
|
0-0: Ball Fortunato Fteira steals 2nd base 1-0: Fly out, F4 (Popup, 4S, EV 85.0 MPH)
|
|
Batting: RHB Sam Sours
|
0-0: Called Strike 0-1: Ball 1-1: SINGLE (Flyball, 4MD, EV 96.9 MPH) Fortunato Fteira to third Runner from 3rd tries for Home, SAFE, throw by CF to home
|
|
Batting: RHB Bobby Miles
|
0-0: Ball 1-0: Called Strike 1-1: Foul Ball, location: 2F 1-2: Ball 2-2: Ball 3-2: Fly out, F8 (Flyball, 89D, EV 97.5 MPH)
|
| Bottom of the 8th over - 1 run, 1 hit, 0 errors, 1 left on base; Hartford 3 - Peoria 8 |
| TOP OF THE 9TH |
|
Hartford Yard Goats batting - Pitching for Peoria Chiefs : RHP Roberto Ruiz
|
|
Batting: RHB Bob Hayes
|
0-0: Swinging Strike 0-1: Called Strike 0-2: Ball 1-2: Strikes out swinging
|
|
Batting: RHB Carlos de Jesus
|
0-0: Ball 1-0: Fly out, F7 (Flyball, 78S, EV 76.9 MPH)
|
|
Batting: RHB John Stevenson
|
0-0: Called Strike 0-1: Ball 1-1: Called Strike 1-2: Ball 2-2: Ground out 6-3 (Groundball, 56, EV 81.2 MPH)
|
| Top of the 9th over - 0 runs, 0 hits, 0 errors, 0 left on base; Hartford 3 - Peoria 8 |
|